 Dungeon Crawl Stone Soup version 0.30-a0-723-gc1506a1cf0 (webtiles) character file.

Game seed: 5099534086559947720

16613 karrick the Cleaver (level 12, -4/77 HPs)
             Began as a Gargoyle Fighter on Jan 29, 2023.
             Was the Champion of Okawaru.
             Slain by a skeletal warrior
             ... wielding a +0 battleaxe
              (5 damage)
             ... on level 12 of the Dungeon.
             The game lasted 00:27:02 (10902 turns).

karrick the Cleaver (Gargoyle Fighter)             Turns: 10902, Time: 00:27:02

Health: -4/77      AC: 21    Str: 21    XL:     12   Next: 39%
Magic:  12/12      EV: 16    Int:  9    God:    Okawaru [******]
Gold:   757        SH:  6    Dex: 13    Spells: 11/11 levels left

rFire   . . .      SeeInvis .    I - +0 war axe (elec)
rCold   . . .      Faith    .    c - +0 buckler
rNeg    + . .      Spirit   .    A - +0 steam dragon scales
rPois   ∞          Reflect  .    o - +1 helmet
rElec   +          Harm     .    P - +1 cloak
rCorr   .          Rampage  .    (no gloves)
Will    .....                    x - +0 pair of boots
Stlth   +++                      (no amulet)
HPRegen 0.32/turn                B - +5 ring of evasion
MPRegen 0.13/turn                (no ring)

@: no status effects
A: sickness immunity, AC +8, negative energy resistance 1, electricity
resistance, torment resistance 1, petrification resistance
a: Renounce Religion, Heroism, Finesse, Duel


You were on level 12 of the Dungeon.
You worshipped Okawaru.
Okawaru was exalted by your worship.
You visited 2 branches of the dungeon, and saw 14 of its levels.

You collected 757 gold pieces.

Inventory:

Hand Weapons
 I - a +0 war axe of electrocution (weapon)
Armour
 b - a +0 scale mail
 c - a +0 buckler (worn)
 o - a +1 helmet (worn)
 x - a +0 pair of boots (worn)
 A - +0 steam dragon scales (worn)
 P - a +1 cloak (worn)
Jewellery
 B - a +5 ring of evasion (left hand)
 H - a ring of flight
 M - a ring of magical power
 O - a ring of protection from cold
Wands
 u - a wand of flame (34)
 z - a wand of paralysis (8)
 N - a wand of polymorph (7)
Scrolls
 e - 4 scrolls of enchant weapon {unknown}
 h - 11 scrolls of identify {unknown}
 j - a scroll of amnesia {unknown}
 k - 3 scrolls of magic mapping
 n - 2 scrolls of enchant armour {unknown}
 s - 2 scrolls of silence {unknown}
 t - 2 scrolls of vulnerability
 v - a scroll of fog {unknown}
 y - a scroll of noise {unknown}
 C - a scroll of teleportation
 E - a scroll of poison {unknown}
 K - 2 scrolls of blinking {unknown}
 L - a scroll of brand weapon {unknown}
Potions
 a - a potion of ambrosia {unknown}
 d - 5 potions of degeneration {unknown}
 f - 3 potions of berserk rage
 g - 8 potions of curing
 i - a potion of invisibility {unknown}
 l - 2 potions of lignification {unknown}
 m - 2 potions of brilliance {unknown}
 p - 4 potions of heal wounds {unknown}
 q - a potion of haste {unknown}
 r - 3 potions of attraction {unknown}
 w - 4 potions of mutation {unknown}
 D - 2 potions of flight {unknown}
 F - 2 potions of might
 G - 2 potions of magic {unknown}
Miscellaneous
 J - a condenser vane (inert)


   Skills:
 + Level 10.1 Fighting
 + Level 13.6 Axes
 + Level 7.5 Armour
 + Level 4.5 Stealth
 + Level 8.5 Shields
 + Level 1.0 Invocations
 + Level 1.1 Evocations


You had 11 spell levels left.
You didn't know any spells.
Your spell library contained the following spells:

 Spells                   Type           Power      Damage    Failure   Level
 Apportation              Tloc           0%         N/A       45%         1
 Necrotise                Necr           0%         1d4       45%         1
 Ensorcelled Hibernation  Hex/Ice        0%         N/A       58%         2
 Static Discharge         Conj/Air       0%         2-2/arc   58%         2
 Dazzling Flash           Conj/Hex       0%         N/A       83%         3
 Spider Form              Tmut/Pois      0%         N/A       83%         3
 Vhi's Electric Charge    Tloc/Air       0%         N/A       83%         3
 Anguish                  Hex/Necr       0%         N/A       99%         4
 Dispel Undead            Necr           0%         3d6       99%         4
 Olgreb's Toxic Radiance  Pois           0%         N/A       99%         4
 Agony                    Necr           0%         N/A       100%        5
 Arcjolt                  Conj/Air       0%         1d10      100%        5
 Borgnjor's Vile Clutch   Necr/Erth      0%         N/A       100%        5
 Lightning Bolt           Conj/Air       0%         1d11      100%        5
 Silence                  Hex/Air        0%         N/A       100%        5
 Ozocubu's Refrigeration  Ice            0%         4d7       100%        7
 Ignition                 Fire           0%         3d3       100%        8
 Summon Small Mammal      Summ           Unusable   N/A       N/A         1
 Cigotuvi's Dreadful Rot  Necr/Pois/Air  Unusable   N/A       N/A         2
 Animate Dead             Necr           Unusable   N/A       N/A         4
 Death Channel            Necr           Unusable   N/A       N/A         6

Dungeon Overview and Level Annotations

Branches:
Dungeon (13/15)            Temple (1/1) D:4            Lair (0/5) D:8
    Orc (0/2) D:11
 Vaults: D:13-14

Altars:
Ashenzari
Cheibriados
Dithmenos
Elyvilon
Fedhas
Hepliaklqana
Kikubaaqudgha
Makhleb
Nemelex Xobeh
Okawaru
Qazlal
Ru
Sif Muna
Trog
Uskayaw
Vehumet
Wu Jian
Xom
Yredelemnul
Zin
The Shining One

Shops:
D:13 *

Annotations:
D:9 Amaemon
D:11 exclusion: ice statue


Innate Abilities, Weirdness & Mutations

You are immune to sickness and miasma.
Your stone body is resilient. (AC +8)
You are immune to poison.
You resist negative energy. (rN+)
You are resistant to electric shocks. (rElec)
You are resistant to unholy torment.
You are immune to petrification.


Message History

The skeletal warrior misses you.
The skeletal warrior hits you from afar with a +0 halberd!!
The skeletal warrior hits you from afar with a +0 halberd!
The skeletal warrior hits you but does no damage.
There is a stone staircase leading down here.
The skeletal warrior hits you with a +0 battleaxe!
The skeletal warrior hits you from afar with a +0 halberd!
* * * LOW HITPOINT WARNING * * *
You climb downwards.
You feel yourself speed up.
There is a stone staircase leading up here.
You hit the skeletal warrior but do no damage.
Lightning courses through the skeletal warrior!
The skeletal warrior is lightly damaged.
The skeletal warrior hits you with a +0 battleaxe!
* * * LOW HITPOINT WARNING * * *
You hit the skeletal warrior.
The skeletal warrior is moderately damaged.
The skeletal warrior hits you with a +0 battleaxe!
* * * LOW HITPOINT WARNING * * *
You hit the skeletal warrior.
The skeletal warrior is moderately damaged.
The skeletal warrior closely misses you.
You hit the skeletal warrior but do no damage.
The skeletal warrior is moderately damaged.
The skeletal warrior hits you with a +0 battleaxe.
* * * LOW HITPOINT WARNING * * *
You hit the skeletal warrior but do no damage.
The skeletal warrior is moderately damaged.
You hit the skeletal warrior.
The skeletal warrior is moderately damaged.
The skeletal warrior hits you with a +0 battleaxe.
* * * LOW HITPOINT WARNING * * *
You closely miss the skeletal warrior.
The skeletal warrior is moderately damaged.
The skeletal warrior closely misses you.
You closely miss the skeletal warrior.
The skeletal warrior is moderately damaged.
The skeletal warrior hits you with a +0 battleaxe.
You die...

#...(........########
##########............#.......
#.....#.........###'#.#.....##
#.....+.........###.#.#.....#.
#.....#.........##..#.#.....#.
#.....##......####.##.#.....#.
#.....##......# ##.##.#.....#.
#.....##......# #.....###...'.
#.....##.>...@###..#..###...#.
#.....###....z..........'...†.
#.....##.............####...##
#.....##.....#.......####...##
###'####.....#..............##
#..........#..........(...##
###....#+#.#................
#....#..........#.......##
#####....###.......)#.......#


You could see a skeletal warrior.

Vanquished Creatures
  Josephine (D:12)
  A two-headed ogre (D:10)
  Pikel (D:7)
  2 deep elf pyromancers (D:12)
  An ugly thing (D:12)
  A cyclops (D:12)
  A guardian serpent (D:11)
  2 gargoyles
  A rime drake (D:12)
  A kobold demonologist (D:11)
  An unseen horror (D:10)
  A komodo dragon (D:12)
  A troll (D:12)
  A hornet (D:7)
  A shadow (D:11)
  A vampire (D:8)
  6 wyverns
  6 wraiths
  16 yaks
  3 steam dragons
  Duvessa (D:6)
  3 acid dragons
  19 water moccasins
  5 orc warriors
  An ice beast (D:6)
  A sky beast (D:7)
  A black bear (D:6)
  2 ogres
  2 phantoms (D:5)
  A centaur (D:8)
  3 kobold brigands
  2 bullfrogs (D:7)
  A spectral water moccasin (D:5)
  A gnoll sergeant (D:12)
  3 scorpions
  A necrophage (D:7)
  10 wights
  Dowan (D:5)
  5 killer bees (D:8)
  4 howler monkeys
  An electric eel (D:12)
  3 jellies
  2 orc priests
  Crazy Yiuf (D:3)
  A gnoll bouda (D:5)
  2 hounds
  Terence (D:3)
  6 orc wizards
  3 iguanas
  A hound zombie (D:5)
  A spectral howler monkey (D:5)
  11 gnolls
  23 adders
  A white imp (D:8)
  2 ufetubi
  An adder skeleton (D:5)
  3 worms
  11 dart slugs (D:3)
  25 orcs
  6 ball pythons
  5 bats
  6 endoplasms
  3 giant cockroaches (D:1)
  2 goblins (D:3)
  6 hobgoblins
  8 jackals
  5 quokkas
  A frilled lizard (D:3)
  14 kobolds
  8 rats
279 creatures vanquished.

Vanquished Creatures (others)
  An orc (D:7)
  5 fungi (D:8)
  23 plants
  22 withered plants (D:5)
51 creatures vanquished.

Grand Total: 330 creatures vanquished

Notes
Turn   | Place    | Note
-------+----------+-------------------------------------------
     0 | D:1      | karrick the Gargoyle Fighter began the quest for the Orb.
     0 | D:1      | Reached XP level 1. HP: 14/14 MP: 1/1
   211 | D:1      | Reached XP level 2. HP: 19/19 MP: 2/2
   386 | D:1      | Reached skill level 2 in Axes
   727 | D:1      | Reached XP level 3. HP: 20/23 MP: 3/3
  1875 | D:3      | Reached XP level 4. HP: 21/29 MP: 4/4
  1875 | D:3      | Noticed a scorpion
  1888 | D:3      | Killed a scorpion
  1889 | D:3      | Reached skill level 3 in Axes
  1889 | D:3      | Reached XP level 5. HP: 13/33 MP: 5/5
  1997 | D:3      | Identified the +2 sling of Duits {elec, rN++}
  2192 | D:3      | Noticed Terence
  2197 | D:3      | Killed Terence
  2419 | D:3      | Found a runed translucent door.
  2420 | D:3      | Noticed Crazy Yiuf
  2486 | D:3      | Found a faded altar of an unknown god.
  2528 | D:3      | Killed Crazy Yiuf
  2529 | D:3      | Reached XP level 6. HP: 29/38 MP: 6/6
  2712 | D:4      | Found a staircase to the Ecumenical Temple.
  2739 | Temple   | Entered the Ecumenical Temple
  2886 | Temple   | Became a worshipper of Warmaster Okawaru
  3332 | D:4      | Found a snail-covered altar of Cheibriados.
  3335 | D:4      | Found an ornate altar of the Wu Jian Council.
  3352 | D:4      | Reached skill level 4 in Axes
  3503 | D:5      | Entered Level 5 of the Dungeon
  3729 | D:5      | Reached XP level 7. HP: 31/43 MP: 7/7
  3807 | D:5      | Found a radiant altar of Vehumet.
  3835 | D:5      | Reached skill level 5 in Armour
  3990 | D:5      | Reached skill level 5 in Axes
  4019 | D:5      | Reached * piety under Okawaru
  4065 | D:5      | Noticed a wraith
  4102 | D:5      | Killed a wraith
  4330 | D:5      | Identified the +0 robe of Dyspraxia {Str+3 Dex+3 Archmagi}
  4381 | D:5      | Reached XP level 8. HP: 48/48 MP: 8/8
  4548 | D:5      | Reached ** piety under Okawaru
  4549 | D:5      | Reached skill level 6 in Axes
  4563 | D:5      | Reached skill level 5 in Fighting
  4563 | D:5      | Reached skill level 1 in Stealth
  4600 | D:5      | Identified the +6 dagger "Yluerphul" {pain, rPois rN+
                  | rCorr}
  4740 | D:6      | Noticed Duvessa
  4740 | D:6      | Noticed Dowan
  4745 | D:5      | Reached skill level 5 in Shields
  4955 | D:6      | Reached skill level 7 in Axes
  5012 | D:6      | Reached *** piety under Okawaru
  5078 | D:7      | Noticed Pikel
  5128 | D:7      | Reached XP level 9. HP: 24/54 MP: 9/9
  5317 | D:7      | Reached skill level 8 in Axes
  5340 | D:7      | Reached skill level 9 in Axes
  5390 | D:7      | Reached **** piety under Okawaru
  5617 | D:7      | Reached XP level 10. HP: 20/61 MP: 7/10
  5642 | D:7      | Killed Pikel
  5857 | D:7      | Reached skill level 10 in Axes
  6311 | D:8      | Found a staircase to the Lair.
  6434 | D:6      | Killed Duvessa
  6435 | D:6      | Reached skill level 1 in Invocations
  6475 | D:5      | Killed Dowan
  6754 | D:8      | Noticed a gargoyle
  6775 | D:8      | Killed a gargoyle
  6823 | D:8      | Reached ***** piety under Okawaru
  6952 | D:8      | Reached skill level 11 in Axes
  7285 | D:8      | Found a burning altar of Makhleb.
  7387 | D:8      | Identified the +1 robe of Picya {rElec rN+ Will- Dex+3}
                  | (Okawaru gifted it to you on level 8 of the Dungeon)
  7387 | D:8      | Received a gift from Okawaru
  7388 | D:8      | Reached XP level 11. HP: 57/68 MP: 11/11
  7789 | D:9      | Found a white marble altar of Elyvilon.
  7806 | D:9      | Found a hazy altar of Hepliaklqana.
  8001 | D:9      | Noticed Amaemon
  8253 | D:10     | Entered Level 10 of the Dungeon
  8260 | D:10     | Found a sacrificial altar of Ru.
  8405 | D:10     | Noticed a two-headed ogre
  8422 | D:10     | Killed a two-headed ogre
  8423 | D:10     | Reached skill level 12 in Axes
  8497 | D:10     | Found a bloodstained altar of Trog.
  8917 | D:11     | Found a staircase to the Orcish Mines.
  8983 | D:11     | Identified the +1 robe of Too Many Cooks {Regen+ Str+2
                  | Slay-4}
  8994 | D:11     | Noticed a skeletal warrior
  8994 | D:11     | Noticed a skeletal warrior
  9203 | D:12     | Noticed a deep elf pyromancer
  9251 | D:12     | Reached skill level 1 in Evocations
  9567 | D:12     | Reached XP level 12. HP: 54/76 MP: 12/12
  9573 | D:12     | Reached skill level 13 in Axes
 10415 | D:12     | Reached ****** piety under Okawaru
 10428 | D:12     | Noticed Josephine
 10438 | D:12     | Killed Josephine
 10438 | D:12     | Received a gift from Okawaru
 10439 | D:12     | Reached skill level 10 in Fighting
 10697 | D:13     | Found Iziuf's CLEARANCE SALE!.
 10736 | D:13     | Noticed a four-headed hydra
 10898 | D:12     | HP: 2/77 [skeletal warrior/+0 battleaxe (5)]
 10902 | D:12     | Slain by a skeletal warrior

Illustrated notes

Levels and vault maps discovered:
D:1:      minmay_arrival_open_corners, layout_basic
D:2:      layout_basic, corexii_leaking_fountain
D:3:      kennysheep_slugbush, layout_rooms, dilly_ecumenical_altar_fadedgnrine,
          uniq_crazy_yiuf_cottage, uniq_terence
D:4:      layout_basic, jmf_multi_god_temple, minmay_temple_entry_glassed_door,
          serial_rivers, chequers_serial_rivers_micro_a,
          chequers_serial_rivers_micro_a, chequers_serial_rivers_micro_c,
          chequers_serial_rivers_room_a
D:5:      layout_gridville, vehumet_altar_wand_db, eino_curves_03,
          dilly_guarded_unrand_morg
D:6:      layout_gridville, uniq_duvessa
D:7:      layout_rooms, uniq_pikel
D:8:      layout_loops_cross, overflow_temple_1_default,
          minmay_lair_entry_grove, nzn_life_drinkers
D:9:      layout_basic, mainiacjoe_overflow_swirl, mainiacjoe_overflow_alcove_1,
          uniq_amaemon
D:10:     layout_big_octagon, nicolae_ru_path_of_blood, general_overflow_altar,
          kennysheep_generic_room_8
D:11:     cheibrodos_frozen_isle, layout_irregular_city, orc_0_dummy,
          nrook_guardian_serpent_ordinary
D:12:     lemuel_reptile_caves, layout_basic, serial_curves, eino_curves_02,
          eino_curves_03, uniq_josephine
D:13:     layout_long_grid, nicolae_shop_clearance
Temple:   hellmonk_temple_forest_ring

Skill      XL: |  1  2  3  4  5  6  7  8  9 10 11 12 |
---------------+-------------------------------------+-----
Axes           | 2 3 4 5 7 9 11 12 13 | 13.6
Armour         | 4 5 6 7 |  7.5
Shields        | 4 5 6 7 8 |  8.5
Fighting       | 4 5 6 7 9 10 | 10.1
Stealth        | 1 2 4 |  4.5
Invocations    | 1 |  1.0
Evocations     | 1 |  1.1

Action                     |  1- 3 |  4- 6 |  7- 9 | 10-12 || total
---------------------------+-------+-------+-------+-------++-------
  Melee: War axe           |   116 |   157 |   281 |   696 ||  1250
 Invoke: Heroism           |       |       |     4 |     3 ||     7
  Evoke: Condenser vane    |       |       |       |     1 ||     1
    Use: Potion            |       |     2 |     2 |       ||     4
         Scroll            |       |       |     4 |     1 ||     5
   Stab: Sleeping          |       |       |       |     1 ||     1
 Armour: Scale mail        |    69 |    87 |   281 |    16 ||   453
         Steam dragon scal |       |       |       |   217 ||   217
  Dodge: Dodged            |    69 |    89 |   207 |   486 ||   851
  Block: Buckler           |    30 |    40 |   106 |   202 ||   378

Table legend: (Time is in decaauts)
 A = Elapsed time spent in this place.
 B = Non-inter-level travel time spent in this place.
 C = Inter-level travel time spent in this place.
 D = Time resting spent in this place.
 E = Time spent auto-exploring this place.
 F = Levels seen in this place.
 G = Mean time per level.
                   A        B        C        D        E       F      G
               +--------+--------+--------+--------+--------+-----+--------+
         Total |  11130 |  10667 |    463 |    742 |   7069 |  14 |  795.0 |
       Dungeon |  10971 |  10534 |    437 |    742 |   6948 |  13 |  843.9 |
        Temple |    158 |    132 |     26 |      0 |    121 |   1 |  158.0 |
               +--------+--------+--------+--------+--------+-----+--------+

Top non-repeatable levels by time:
    D:12: 1646 daAuts
     D:5: 1512 daAuts
     D:7: 1265 daAuts
     D:8: 1047 daAuts
     D:2: 1002 daAuts
     D:1: 912 daAuts
     D:4: 823 daAuts
     D:3: 769 daAuts
    D:10: 549 daAuts
     D:6: 491 daAuts
     D:9: 478 daAuts
    D:11: 379 daAuts
  Temple: 158 daAuts
    D:13: 91 daAuts
